 Dungeon Crawl Stone Soup version 0.32-a0-747-gc8563f6773 (webtiles) character file.

Game seed: 7006748991164744110

953 CrabMaster the Trooper (level 7, -2/56 HPs)
             Began as a Demonspawn Gladiator on Mar 18, 2024.
             Killed by divine providence
             ... invoked by an orc priest
              (14 damage)
             ... on level 5 of the Dungeon.
             The game lasted 00:16:47 (4492 turns).

CrabMaster the Trooper (Demonspawn Gladiator)       Turns: 4492, Time: 00:16:47

Health: -2/56      AC: 13    Str: 17    XL:     7   Next: 90%
Magic:  7/7        EV:  7    Int:  8    God:
Gold:   326        SH:  0    Dex: 14    Spells: 6/6 levels left

rFire   . . .        m - +1 hand axe (freeze)
rCold   . . .        (no shield)
rNeg    . . .        z - +0 chain mail
rPois   .            (helmet restricted)
rElec   .            (no cloak)
rCorr   .            t - +0 pair of gloves
SInv    .            x - +0 pair of boots
Will    .....        (no amulet) Stlth
                     (no ring)
HPRegen 0.29/turn    (no ring)
MPRegen 0.10/turn

%: no passive effects
@: no status effects
A: antennae 1, spiny 1, sharp scales 1
a: Convert to Beogh


You were on level 5 of the Dungeon.
You visited 1 branch of the dungeon, and saw 5 of its levels.
You also visited: Sewer.

You collected 326 gold pieces.

Inventory:

Hand Weapons
 a - a +0 war axe
 m - a +1 hand axe of freezing (weapon)
Missiles
 d - 3 throwing nets (quivered)
 e - a javelin
Armour
 c - a +0 helmet
 n - a +0 scale mail
 t - a +0 pair of gloves (worn)
 x - a +0 pair of boots (worn)
 z - a +0 chain mail (worn)
Jewellery
 b - a +6 ring of intelligence
 g - a ring of fire
 i - a ring of flight
Wands
 y - a wand of charming (9)
Scrolls
 j - a scroll of immolation {unknown}
 k - a scroll of fog
 o - a scroll of vulnerability {unknown}
 q - a scroll of teleportation
 r - 3 scrolls of identify {unknown}
 v - a scroll of fear {unknown}
 A - a scroll of enchant armour {unknown}
Potions
 f - 6 potions of lignification {unknown}
 h - 5 potions of curing {unknown}
 l - 3 potions of mutation {unknown}
 p - 2 potions of might {unknown}
 s - a potion of enlightenment {unknown}
 u - 2 potions of degeneration {unknown}
 w - a potion of attraction {unknown}


   Skills:
 + Level 5.6 Fighting
 + Level 5.4 Axes
 - Level 1.7 Throwing
 + Level 4.5 Armour
 - Level 2.6 Dodging


You had 6 spell levels left.
You didn't know any spells.
Your spell library contained the following spells:

 Spells                   Type           Power      Damage    Failure   Level
 Lesser Beckoning         Tloc           0%         N/A       99%         2
 Frozen Ramparts          Ice            0%         1d1       100%        3
 Gell's Gravitas          Tloc           0%         N/A       100%        3
 Ozocubu's Armour         Ice            0%         N/A       100%        3
 Teleport Other           Tloc           0%         N/A       100%        3
 Metabolic Englaciation   Hex/Ice        0%         N/A       100%        5


Dungeon Overview and Level Annotations

Branches:
Dungeon (5/15)              Sewer (visited)
 Temple: D:4-7

Altars:

Shops:
D:3 :

Annotations:
D:5 1 runed translucent door, Crazy Yiuf


Innate Abilities, Weirdness & Mutations

You have a pair of small antennae on your head.
You are partially covered in sharp spines.
You are partially covered in razor-sharp scales. (AC +1, Slay +1)


Message History

The gnoll bouda is struck by your spines.
The gnoll bouda hits you with a +0 whip!
The orc priest shouts, "Beogh offers mercy even to people such as you.
Join us and be reborn!"
You hit the orc priest but do no damage.
You hit the gnoll bouda but do no damage.
The gnoll bouda hits you with a +0 whip.
The orc priest hits you but does no damage.
You closely miss the orc priest. You completely miss the gnoll bouda.
The gnoll bouda hits you with a +0 whip.
The orc priest hits you but does no damage.
You closely miss the orc priest.
You hit the gnoll bouda but do no damage.
The gnoll bouda hits you with a +0 whip.
The orc priest invokes the aid of Beogh against you.
Pain shoots through your body!
* * * LOW HITPOINT WARNING * * *
You hit the gnoll bouda. You freeze the gnoll bouda.
You kill the gnoll bouda!
You hit the orc priest but do no damage.
The orc priest looks encouraged for a moment.
You hit the orc priest. You freeze the orc priest.
The orc priest threatens, "Beogh's wrath is as vast as their mercy.
Make your choice!"
The orc priest is moderately wounded.
The orc priest shouts, "Surrender to Beogh and we'll let you live!"
The orc priest threatens, "Beogh's wrath is as vast as their mercy.
Make your choice!"
The orc priest hits you but does no damage.
You hit the orc priest but do no damage.
The orc priest is moderately wounded.
The orc priest hits you with a +0 club.
* * * LOW HITPOINT WARNING * * *
You barely miss the orc priest.
The orc priest shouts, "Beogh offers mercy even to people such as you.
Join us and be reborn!"
The orc priest is moderately wounded.
The orc priest is struck by your spines.
The orc priest hits you but does no damage.
You hit the orc priest but do no damage.
The orc priest is moderately wounded.
The orc priest mumbles some strange prayers to Beogh against you.
Beogh smites you!
You die...

(. #..# #....# # ...
#..# #....# # ....
#..# #....# #
....###..######....#
#
.............###...#
# .............#
#...#####
#.............#
#.>......
#....###.######
#........ #....###@#
#........ #......o)#
....#.#.....
#...####.# ## #
#..... . .... #.....
....# #..... .##....
#..... . ..#gg
####.# .. #.....
...# .#.#. #####


You could see an orc priest.

Vanquished Creatures
  Grinder (D:4)
  Pargi (Sewer)
  2 brain worms (Sewer)
  A howler monkey (D:4)
  A bombardier beetle (D:4)
  A hound (D:5)
  An orc priest (D:5)
  A gnoll bouda (D:5)
  2 iguanas
  4 orc wizards
  9 gnolls
  4 adders
  3 river rats (D:3)
  5 ribbon worms
  A dart slug (D:3)
  12 orcs
  2 endoplasms
  3 giant cockroaches
  6 goblins
  2 hobgoblins (D:1)
  3 jackals (D:1)
  3 quokkas (D:1)
  8 ball pythons
  5 bats
  4 frilled lizards
  13 kobolds
  5 rats
103 creatures vanquished.

Notes
Turn   | Place    | Note
-------+----------+-------------------------------------------
     0 | D:1      | CrabMaster the Demonspawn Gladiator began the quest for the
                  | Orb.
     0 | D:1      | Reached XP level 1. HP: 16/16 MP: 1/1
   352 | D:1      | Gained mutation: You are partially covered in razor-sharp
                  | scales. (AC +1, Slay +1) [demonic ancestry]
   352 | D:1      | Reached XP level 2. HP: 22/22 MP: 2/2
   582 | D:1      | Reached skill level 1 in Armour
   765 | D:2      | Reached XP level 3. HP: 19/28 MP: 3/3
   833 | D:2      | Found a faded altar of an unknown god.
  1913 | D:3      | Gained mutation: You are partially covered in sharp spines.
                  | [demonic ancestry]
  1913 | D:3      | Reached XP level 4. HP: 25/35 MP: 4/4
  2055 | D:3      | Found a glowing drain.
  2090 | Sewer    | Entered a sewer
  2124 | Sewer    | Noticed a brain worm
  2128 | Sewer    | Killed a brain worm
  2129 | Sewer    | Gained mutation: You have a pair of small antennae on your
                  | head. [demonic ancestry]
  2129 | Sewer    | Reached XP level 5. HP: 41/41 MP: 5/5
  2209 | Sewer    | Noticed Pargi
  2221 | Sewer    | Killed Pargi
  2222 | Sewer    | Reached XP level 6. HP: 21/48 MP: 6/6
  2578 | D:3      | Found Zileph's Book Emporium.
  2731 | D:3      | You fall into a shaft and drop 1 floor!
  3111 | D:4      | Noticed Grinder
  3410 | D:4      | Reached XP level 7. HP: 50/55 MP: 7/7
  3623 | D:4      | Killed Grinder
  3624 | D:4      | Reached skill level 5 in Fighting
  3624 | D:4      | Reached skill level 5 in Axes
  3828 | D:5      | Entered Level 5 of the Dungeon
  4189 | D:5      | Found a runed translucent door.
  4190 | D:5      | Noticed Crazy Yiuf
  4492 | D:5      | Killed from afar by an orc priest

Illustrated notes

Levels and vault maps discovered:
D:1:      minmay_arrival_solitary_statue, layout_basic,
          minmay_misc_feat_secret_circle
D:2:      cheibrodos_old_hovel, layout_basic, basic_ecumenical_altar,
          chequers_arboretum, chequers_serial_rivers_micro_d
D:3:      layout_loops_ring, serial_shops, shop, lightli_sewer_entry_pipes
D:4:      layout_rooms, wad_floor_pattern_1, kennysheep_generic_room_11,
          uniq_grinder
D:5:      layout_basic, minmay_temple_entry_junction, hangedman_decor_opposing,
          uniq_crazy_yiuf_cottage

Skill      XL: |  1  2  3  4  5  6  7 |
---------------+----------------------+-----
Axes           | 3 4 5 |  5.4
Armour         | 1 2 3 4 |  4.5
Fighting       | 3 4 5 |  5.6
Throwing       | |  1.7
Dodging        | |  2.6

Action                     |  1- 3 |  4- 6 |  7- 9 || total
---------------------------+-------+-------+-------++-------
  Melee: War axe           |    89 |       |       ||    89
         Hand axe          |    22 |   110 |    69 ||   201
    Use: Scroll            |       |       |     2 ||     2
 Armour: Leather armour    |    72 |       |       ||    72
         Scale mail        |    19 |    86 |     5 ||   110
         Chain mail        |       |       |    45 ||    45
  Dodge: Dodged            |    81 |    50 |    19 ||   150

Table legend: (Time is in decaauts)
 A = Elapsed time spent in this place.
 B = Non-inter-level travel time spent in this place.
 C = Inter-level travel time spent in this place.
 D = Time resting spent in this place.
 E = Time spent auto-exploring this place.
 F = Levels seen in this place.
 G = Mean time per level.
                   A        B        C        D        E       F      G
               +--------+--------+--------+--------+--------+-----+--------+
         Total |   4579 |   4377 |    202 |    705 |   1869 |   6 |  763.2 |
       Dungeon |   4265 |   4063 |    202 |    612 |   1869 |   5 |  853.0 |
         Sewer |    314 |    314 |      0 |     93 |      0 |   1 |  314.0 |
               +--------+--------+--------+--------+--------+-----+--------+

Top non-repeatable levels by time:
     D:3: 1006 daAuts
     D:4: 985 daAuts
     D:2: 970 daAuts
     D:1: 766 daAuts
     D:5: 536 daAuts
   Sewer: 314 daAuts
